 Dungeon Crawl Stone Soup version 0.26-a0-1101-g8f9f7f7418 (webtiles) character file.

Game seed: 6862160387106051591

130683 kae the Executioner (level 17, -9/151 (154) HPs)
             Began as a Hill Orc Fighter on Dec 15, 2020.
             Was the Champion of Qazlal.
             Killed from afar by an orc sorcerer (18 damage)
             ... with a bolt of negative energy
             ... while paralysed by an orc sorcerer
             ... on level 2 of the Orcish Mines.
             The game lasted 00:22:12 (33928 turns).

kae the Executioner (Hill Orc Fighter)             Turns: 33928, Time: 00:22:12

HP:   -9/151 (154)  AC: 25    Str: 32    XL:     17   Next: 8%
MP:   27/27         EV:  2    Int:  8    God:    Qazlal [******]
Gold: 2377          SH:  0    Dex: 10    Spells: 16/16 levels left

rFire    + . .     SeeInvis +   c - +4 battleaxe (freeze)
rCold    + . .     Faith    .   (shield currently unavailable)
rNeg     . . .     Spirit   .   C - +1 plate armour {rPois}
rPois    +         Reflect  +   J - +2 hat
rElec    +         Harm     .   M - scarf {rC+ rF+}
rCorr    .         Rampage  .   (no gloves)
Will     +....                  y - +2 pair of boots {run}
Stlth    ..........             a - amulet "Geshrib" {Reflect rElec Slay+2 SH+5}
HPRegen  0.35/turn              G - ring of see invisible
MPRegen  0.20/turn              L - +6 ring of strength

@: paralysed, lethally poisoned (-9 -> -18), protected from physical damage,
lightly drained, repel missiles, quick
A: no striking features
a: Upheaval, Elemental Force, Disaster Area, Renounce Religion, Convert to Beogh


You were on level 2 of the Orcish Mines.
You worshipped Qazlal.
Qazlal was exalted by your worship.
You visited 4 branches of the dungeon, and saw 24 of its levels.
You also visited: Sewer and Ice Cave.

You collected 2377 gold pieces.

Inventory:

Hand Weapons
 c - a +4 battleaxe of freezing (weapon)
 e - a +2 battleaxe of venom
 B - a +3 battleaxe of draining
 D - a +0 battleaxe
Armour
 h - a +2 cloak
 l - a +0 chain mail
 y - a +2 pair of boots of running (worn)
 C - a +1 plate armour of poison resistance (worn)
 J - a +2 hat (worn)
 M - a scarf of resistance (worn)
 R - +0 fire dragon scales
Jewellery
 a - the amulet "Geshrib" (around neck) {Reflect rElec Slay+2 SH+5}
   (You acquired it on level 8 of the Dungeon)

   [amulet of reflection]

   It shields you and reflects attacks.
   It affects your accuracy and damage with ranged weapons and melee attacks
   (+2).
   It insulates you from electricity.
   It affects your SH (+5).
 G - a ring of see invisible (left hand)
 K - an uncursed ring of resist corrosion
 L - a +6 ring of strength (right hand)
Wands
 d - a wand of random effects (58)
 r - a wand of paralysis (32)
 s - a wand of polymorph (8)
 v - a wand of acid (19)
 x - a wand of iceblast (20)
 E - a wand of flame (23)
 O - a wand of digging (5)
 S - a wand of disintegration (13)
Scrolls
 f - 10 scrolls of remove curse
 g - 5 scrolls of fear
 i - 10 scrolls of teleportation
 n - 4 scrolls of enchant armour
 p - 7 scrolls of amnesia
 w - 4 scrolls of blinking
 H - 6 scrolls of identify
 P - a scroll of magic mapping
 T - a scroll of enchant weapon
Potions
 b - 2 potions of might
 j - 3 potions of mutation
 k - 12 potions of ambrosia
 m - 12 potions of curing
 o - 7 potions of lignification
 q - 3 potions of cancellation
 t - 3 potions of attraction
 u - 3 potions of brilliance
 z - 7 potions of heal wounds
 A - 2 potions of flight
 F - a potion of berserk rage
 I - 3 potions of haste
 N - a potion of invisibility


   Skills:
 + Level 14.5 Fighting
 + Level 21.5 Axes
 + Level 13.4 Armour
 + Level 10.3 Dodging
 - Level 4.0 Shields
 + Level 14.3 Invocations
 - Level 5.0 Evocations


You had 16 spell levels left.
You didn't know any spells.
Your spell library contained the following spells:

 Spells                   Type           Power        Failure   Level
 Apportation              Tloc           #.....       93%         1
 Magic Dart               Conj           #...         93%         1
 Sandblast                Erth           #.....       93%         1
 Blink                    Tloc           N/A          98%         2
 Call Imp                 Summ           #.......     98%         2
 Slow                     Hex            #.......     98%         2
 Confusing Touch          Hex            #.......     100%        3
 Conjure Flame            Conj/Fire      #.......     100%        3
 Gell's Gravitas          Tloc           #.........   100%        3
 Mephitic Cloud           Conj/Pois/Air  #.......     100%        3
 Portal Projectile        Hex/Tloc       #.....       100%        3
 Petrify                  Tmut/Erth      #.......     100%        4
 Summon Lightning Spire   Summ/Air       #.......     100%        4
 Bolt of Magma            Conj/Fire/Erth #.........   100%        5
 Metabolic Englaciation   Hex/Ice        #.........   100%        5
 Silence                  Hex/Air        #.........   100%        5
 Yara's Violent Unravell  Hex/Tmut       #.........   100%        5
 Conjure Ball Lightning   Conj/Air       #.........   100%        6
 Haunt                    Necr/Summ      #.........   100%        7
 Borgnjor's Revivificati  Necr           #.........   100%        8
 Disjunction              Tloc           #.........   100%        8
 Infestation              Necr           #.........   100%        8
 Necromutation            Tmut/Necr      #.........   100%        8
 Death's Door             Necr           #.........   100%        9
 Tornado                  Air            #.........   100%        9


Dungeon Overview and Level Annotations

Branches:
Dungeon (15/15)            Temple (1/1) D:6            Lair (6/6) D:10
  Swamp (0/4) Lair:4        Snake (0/4) Lair:2        Slime (0/5) Lair:5
    Orc (2/2) D:9             Elf (0/3) Orc:2        Vaults (0/5) D:13
 Depths (0/5) D:15          Sewer (visited)           IceCv (visited)

Altars:
Ashenzari
Cheibriados
Dithmenos
Elyvilon
Fedhas
Gozag
Hepliaklqana
Kikubaaqudgha
Makhleb
Nemelex Xobeh
Okawaru
Qazlal
Ru
Sif Muna
Trog
Uskayaw
Vehumet
Wu Jian
Xom
Yredelemnul
Zin
The Shining One
Jiyva

Shops:
D:6 (

Annotations:
D:13 1 runed translucent door, PeterMcNeter's ghost, journeyman GnTm


Message History

The orc wizard flickers and vanishes for a moment.
The orc priest invokes the aid of Beogh against you.
Beogh smites you!
* * * LOW HITPOINT WARNING * * *
The orc warrior hits you but does no damage. x2
An orc wizard comes into view. It is wielding a +0 dagger.
The orc sorcerer hits you but does no damage.
* * * LOW HITPOINT WARNING * * *
You feel sick.
You hear a shout! x2
The orc warrior is engulfed in blazing flames.
The orange demon stings you but does no damage.
An orc priest comes into view. It is wielding a +0 hand axe.
The orc warrior hits you but does no damage.
The orc sorcerer hits you but does no damage.
The orc warrior is struck by lightning.
The orc warrior hits you but does no damage.
The orc sorcerer points at you and mumbles some strange words.
The bolt of negative energy hits you!!
You feel drained.
You die...

**....,,** *## ***********
###...,,* ##.#### *#.,,,,,,,,,
#.....*** ##...#.###..,********
......##### #.......#...**,,,,,,,
......#.#.###......#...#*,,,,,,,,
..#*,#.....#...........#,,,,,,***
..####..#......○○☼.....#,,,,,,,*,
..#.....##...)).°o☼....#,,,,,*,,,
))..)#.#####.†○.@o4o...#,,,,***,,
)))..###,*##.))3oo°o.oo#,,*,,*,,,
#[(..##...#...°.§oo.....,,**,,,*∩
#).))..#,#........oo..o.,,*,,,,∩,
##......#..............o,,**,,,*∩
##.....................#,,*,,*,,,
......#.##.............#,,,,***,,
.......#...............#,,,,,*,,,
<..........#.........,,*,,,,,,,*,


You could see an orange demon (summoned), a neqoxec (summoned), 2 orc sorcerers,
3 orc warriors, 2 orc priests and 7 orc wizards.

Vanquished Creatures
  A quicksilver dragon (shapeshifter) (D:15)
  Agnes (D:14)
  A tengu reaver (D:13)
  A storm dragon (shapeshifter) (D:15)
  A frost giant (IceCv)
  A fire giant (D:13)
  An orc warlord (Orc:1)
  The ghost of Life0 the Fighter, a journeyman MiBe of Trog (Lair:5)
  Nessos (D:14)
  The ghost of bmj180 the Cleaver, a journeyman MiFi of Cheibriados (D:12)
  A fire dragon (Lair:4)
  7 hydras
  Erolcha (D:11)
  Fannar (D:11)
  4 boulder beetles
  The ghost of loralnil the Martial Artist, a journeyman GnTm of the Shining One (Lair:4)
  A death knight (D:13)
  7 centaur warriors
  6 two-headed ogres
  2 death yaks (IceCv)
  A merfolk avatar (Lair:6)
  4 tengu warriors
  3 dancing weapons
  An orc high priest (Orc:2)
  8 skeletal warriors
  A sea snake (Lair:6)
  3 unseen horrors
  A sea snake (shapeshifter) (D:15)
  4 orc knights
  2 orc sorcerers (Orc:2)
  15 ugly things
  A manticore (Lair:6)
  2 wolf spider zombies
  5 cyclopes
  19 elephants
  8 black mambas
  4 gargoyles
  11 cane toads
  2 efreet
  12 komodo dragons
  20 rime drakes
  A freezing wraith (D:14)
  13 trolls
  21 polar bears
  3 meliai (D:15)
  A queen bee (Lair:3)
  Grinder (D:4)
  7 hornets
  20 slime creatures
  7 dream sheep (Lair:5)
  12 blink frogs
  A redback (shapeshifter) (D:15)
  2 shadows
  3 spriggans (D:12)
  A wraith (D:11)
  62 yaks
  Eustachio (D:4)
  10 wyverns
  3 steam dragons
  A basilisk (shapeshifter) (D:15)
  7 basilisks
  A warg (Orc:1)
  2 nagas (Lair:2)
  2 acid dragons
  A swamp worm (Lair:4)
  24 water moccasins
  5 sky beasts
  3 ice beasts
  A hornet zombie (D:12)
  4 phantoms
  2 black bears
  26 orc warriors
  An eye of draining (D:15)
  10 ogres
  3 necrophages (D:10)
  3 boggarts (D:15)
  24 centaurs
  24 wolves
  26 bullfrogs
  5 big kobolds
  A gnoll sergeant (D:9)
  6 scorpions
  28 killer bees
  17 wights
  7 howler monkeys
  10 jellies
  4 electric eels
  3 centaur zombies
  A crimson imp (D:8)
  5 centaur skeletons
  4 bullfrog skeletons
  2 hounds
  21 orc priests
  22 orc wizards
  Jessica (D:3)
  4 hell rats (Lair:5)
  14 worker ants
  A killer bee zombie (D:7)
  The ghost of casual the Sneak, a weakling TrDe (D:5)
  2 hound zombies (D:8)
  A mummy (D:10)
  Robin (D:2)
  14 adders
  3 gnolls (D:9)
  2 howler monkey skeletons
  3 river rats
  3 white imps
  9 oozes
  3 ufetubi
  2 adder zombies
  2 adder skeletons
  4 worms
  2 dart slugs (D:1)
  4 leopard geckos
  79 orcs
  3 giant cockroaches
  15 goblins
  8 hobgoblins
  5 iguanas
  18 jackals
  35 kobolds
  7 quokkas
  A ball python (D:4)
  7 bats
  7 frilled lizards
  A giant cockroach zombie (D:5)
  A leopard gecko skeleton (D:9)
  A quokka skeleton (D:4)
  16 rats
923 creatures vanquished.

Vanquished Creatures (others)
  An ugly thing (D:13)
  4 polar bears (IceCv)
  55 fungi
  104 plants
  3 toadstools (D:4)
  8 withered plants (D:10)
175 creatures vanquished.

Grand Total: 1098 creatures vanquished

Notes
Turn   | Place    | Note
-------+----------+-------------------------------------------
     0 | D:1      | kae the Hill Orc Fighter began the quest for the Orb.
     0 | D:1      | Reached XP level 1. HP: 19/19 MP: 1/1
    92 | D:1      | Reached XP level 2. HP: 27/27 MP: 2/2
   125 | D:1      | Reached skill level 3 in Axes
   443 | D:1      | Reached XP level 3. HP: 20/33 MP: 3/3
   801 | D:2      | Reached skill level 1 in Dodging
  1109 | D:2      | Noticed Robin
  1117 | D:2      | Reached XP level 4. HP: 24/40 MP: 4/4
  1126 | D:2      | Killed Robin
  2008 | D:2      | Found a glowing golden altar of the Shining One.
  2341 | D:3      | Reached skill level 4 in Axes
  2341 | D:3      | Reached XP level 5. HP: 41/47 MP: 5/5
  2684 | D:3      | Found a white marble altar of Elyvilon.
  2700 | D:3      | Noticed Jessica
  2705 | D:3      | Killed Jessica
  2980 | D:4      | Reached skill level 5 in Fighting
  2980 | D:4      | Reached XP level 6. HP: 48/56 MP: 6/6
  3213 | D:4      | Reached skill level 5 in Axes
  3374 | D:4      | Found an ornate altar of the Wu Jian Council.
  3444 | D:4      | Reached skill level 5 in Armour
  3488 | D:4      | Noticed Eustachio
  3827 | D:4      | Noticed a phantom
  3842 | D:4      | Reached XP level 7. HP: 38/61 MP: 7/7
  4103 | D:4      | Killed Eustachio
  4295 | D:4      | Noticed Grinder
  4319 | D:4      | Paralysed by Grinder for 3 turns
  5029 | D:4      | Found a snail-covered altar of Cheibriados.
  5085 | D:5      | Entered Level 5 of the Dungeon
  5095 | D:5      | Reached skill level 6 in Axes
  5172 | D:5      | Reached XP level 8. HP: 62/71 MP: 8/8
  5357 | D:5      | Found a shimmering altar of Xom.
  5566 | D:5      | Found a runed translucent gate.
  5567 | D:5      | Found a runed translucent gate.
  5567 | D:5      | Noticed casual's ghost (weakling TrDe)
  5571 | D:5      | Found a runed translucent gate.
  5708 | D:5      | Found a glowing drain.
  5720 | Sewer    | Entered a sewer
  5800 | Sewer    | Reached skill level 7 in Axes
  5827 | Sewer    | Found a white marble altar of Elyvilon.
  6116 | D:4      | Found an ornate altar of the Wu Jian Council.
  6141 | D:4      | Killed Grinder
  6705 | D:4      | Found a snail-covered altar of Cheibriados.
  7018 | D:6      | Found a staircase to the Ecumenical Temple.
  7034 | D:6      | Identified a +2 pair of boots of running (You found it on
                  | level 6 of the Dungeon)
  7069 | Temple   | Entered the Ecumenical Temple
  7262 | Temple   | Became a worshipper of Qazlal Stormbringer
  7336 | D:6      | Reached skill level 1 in Invocations
  7336 | D:6      | Reached XP level 9. HP: 48/79 MP: 9/9
  7576 | D:6      | Found Bikhedopa's Antique Weapon Shop.
  7939 | D:6      | Found an opulent altar of Gozag.
  8029 | D:6      | Reached skill level 8 in Axes
  8054 | D:6      | Found a glowing silver altar of Zin.
  8911 | D:7      | Reached skill level 9 in Axes
  9067 | D:7      | Reached * piety under Qazlal
  9098 | D:7      | Reached skill level 5 in Dodging
  9252 | D:8      | Identified a scroll of acquirement
  9252 | D:8      | Acquired the amulet "Geshrib" {Reflect rElec Slay+2 SH+5}
  9642 | D:8      | Reached XP level 10. HP: 90/90 MP: 13/13
 10213 | D:9      | Reached skill level 10 in Axes
 10502 | D:9      | Reached skill level 5 in Invocations
 11037 | D:9      | Noticed a centaur warrior
 11044 | D:9      | Killed a centaur warrior
 11045 | D:9      | Reached skill level 11 in Axes
 11252 | D:9      | Reached ** piety under Qazlal
 11289 | D:9      | Found a staircase to the Orcish Mines.
 11559 | D:9      | Found an iron altar of Okawaru.
 11639 | D:9      | Reached XP level 11. HP: 97/97 MP: 15/15
 11709 | D:10     | Entered Level 10 of the Dungeon
 11720 | D:10     | Paralysed by a hornet for 2 turns
 12170 | D:10     | Reached skill level 12 in Axes
 12173 | D:10     | Reached *** piety under Qazlal
 12601 | D:10     | Found an iron altar of Okawaru.
 12606 | D:10     | Noticed a two-headed ogre
 12614 | D:10     | Killed a two-headed ogre
 12615 | D:10     | Reached skill level 10 in Fighting
 12620 | D:10     | Noticed a two-headed ogre
 12627 | D:10     | Killed a two-headed ogre
 13098 | D:10     | Found a staircase to the Lair.
 13272 | D:11     | Noticed a seven-headed hydra
 13351 | D:11     | Noticed a skeletal warrior
 13395 | D:11     | Killed a skeletal warrior
 13597 | D:11     | Reached skill level 13 in Axes
 13778 | D:11     | Reached **** piety under Qazlal
 14025 | D:11     | Noticed Fannar
 14350 | D:11     | Noticed a two-headed ogre
 14358 | D:11     | Killed a two-headed ogre
 14359 | D:11     | Reached XP level 12. HP: 98/108 MP: 18/18
 14462 | D:11     | Reached skill level 10 in Armour
 14483 | D:11     | HP: 4/108 [skeletal warrior/+0 dire flail[a skeletal
                  | warrior] (10)]
 14489 | D:11     | Noticed a boulder beetle
 14494 | D:11     | Killed a boulder beetle
 14496 | D:11     | Noticed Erolcha
 14968 | D:11     | Killed Fannar
 14969 | D:11     | Reached skill level 14 in Axes
 16748 | D:12     | Found a runed translucent door.
 16751 | D:12     | Noticed bmj180's ghost (journeyman MiFi)
 16752 | D:12     | Identified the +8 trident of Fuikacw {antimagic, Dex+2}
 17251 | Lair:1   | Entered Level 1 of the Lair of Beasts
 17271 | Lair:1   | Reached skill level 15 in Axes
 17271 | Lair:1   | Reached XP level 13. HP: 112/116 MP: 20/20
 17313 | Lair:1   | Reached skill level 10 in Invocations
 18391 | Lair:2   | Found a staircase to the Snake Pit.
 18482 | Lair:2   | Found a shimmering blue altar of Sif Muna.
 19193 | Lair:3   | Reached skill level 16 in Axes
 20017 | Lair:3   | Reached skill level 17 in Axes
 20529 | Lair:3   | You fall into a shaft and drop 1 floor!
 20564 | Lair:4   | Reached skill level 18 in Axes
 20564 | Lair:4   | Reached XP level 14. HP: 92/126 MP: 10/22
 21209 | Lair:4   | Found a staircase to the Swamp.
 21540 | Lair:4   | Found a runed translucent door.
 21637 | Lair:4   | Reached skill level 19 in Axes
 21826 | Lair:4   | Noticed loralnil's ghost (journeyman GnTm)
 22713 | Lair:5   | Found a runed translucent door.
 22714 | Lair:5   | Found a shimmering altar of Xom.
 22714 | Lair:5   | Noticed Life0's ghost (journeyman MiBe)
 22876 | Lair:5   | Found a runed translucent door.
 22876 | Lair:5   | Found a viscous altar of Jiyva.
 22877 | Lair:5   | Found a staircase to the Slime Pits.
 23037 | Lair:5   | Reached skill level 20 in Axes
 23631 | Lair:6   | Entered Level 6 of the Lair of Beasts
 23635 | Lair:6   | Reached skill level 1 in Evocations
 24504 | Lair:6   | Reached XP level 15. HP: 134/134 MP: 23/23
 24853 | Lair:6   | Reached ***** piety under Qazlal
 26021 | Lair:6   | Identified the Collected Works on Earthen Dislocation
 26428 | D:12     | Killed bmj180's ghost
 26905 | D:5      | Killed casual's ghost
 27221 | D:11     | Killed Erolcha
 27693 | Lair:4   | Killed loralnil's ghost
 27816 | Lair:5   | Killed Life0's ghost
 28345 | D:13     | Found a runed translucent door.
 28347 | D:13     | Noticed PeterMcNeter's ghost (journeyman GnTm)
 29170 | D:13     | Noticed a fire giant
 29177 | D:13     | Killed a fire giant
 29210 | D:13     | Reached skill level 5 in Evocations
 29434 | D:13     | Noticed a tengu reaver
 29449 | D:13     | Killed a tengu reaver
 29784 | D:13     | Found a gate to the Vaults.
 30200 | D:14     | Noticed Agnes
 30207 | D:14     | Killed Agnes
 30208 | D:14     | Reached XP level 16. HP: 128/144 MP: 25/25
 30240 | D:14     | Reached ****** piety under Qazlal
 30386 | D:14     | Found a shadowy altar of Dithmenos.
 30744 | D:14     | Found a frozen archway.
 30755 | D:14     | Reached skill level 21 in Axes
 30755 | D:14     | Noticed Nessos
 30763 | D:14     | Killed Nessos
 30769 | IceCv    | Entered an ice cave
 31821 | D:15     | Entered Level 15 of the Dungeon
 32073 | D:15     | Reached skill level 10 in Dodging
 32482 | D:15     | Noticed a quicksilver dragon
 32489 | D:15     | Killed a quicksilver dragon
 32595 | D:15     | Noticed a storm dragon
 32595 | D:15     | a boulder beetle changed into a storm dragon
 32604 | D:15     | Killed a storm dragon
 32649 | D:15     | Found a staircase to the Depths.
 32806 | D:15     | Found a broken altar of Ashenzari.
 33172 | Orc:1    | Entered Level 1 of the Orcish Mines
 33214 | Orc:1    | Reached XP level 17. HP: 85/154 MP: 27/27
 33841 | Orc:2    | Entered Level 2 of the Orcish Mines
 33901 | Orc:2    | Paralysed by an orc sorcerer for 5 turns
 33924 | Orc:2    | Paralysed by an orc sorcerer for 4 turns
 33928 | Orc:2    | Killed from afar by an orc sorcerer

Illustrated notes

Levels and vault maps discovered:
D:1:      scummos_arrival_forest, layout_loops_ring
D:2:      layout_loops_ring, nicolae_tso_swordbearing_angel, uniq_robin
D:3:      layout_loops_cross, overflow_temple_1_default, fountainhead,
          uniq_jessica
D:4:      cheibrodos_fertilizer, layout_loops_cross, kennysheep_mini,
          chei_slow_surprise, uniq_eustachio, uniq_grinder
D:5:      layout_rooms, gammafunk_ghost_nasty_kobolds, portal_sewer_entry_b,
          dk_xom_monty_hall
D:6:      layout_loops_ring, zin_statuary, minmay_temple_entry_statues_pillars,
          serial_shops, shop_fountains, grunt_gozag_statues
D:7:      layout_loops_ring
D:8:      layout_gridville, kennysheep_pointless_box, minmay_fire_ice_demons
D:9:      layout_loops_ring, overflow_temple_1_default, david_orc_2
D:10:     layout_cave_pools, lair_entry_dummy, serial_undead, serial_undead_e,
          serial_undead_b, serial_undead_f, serial_undead_e, serial_undead_d,
          serial_undead_c, hex_large, okawaru_metal_pillars_1_2
D:11:     layout_loops_cross, uniq_fannar, uniq_erolcha
D:12:     layout_grid_maze, ebering_ghost_funeral_grove, minmay_microvault
D:13:     minmay_mutant_horseshoe, layout_irregular_city, erik_vaults_1,
          ebering_ghost_reflecting_pool
D:14:     layout_loops_cross, portal_ice_cave_rime,
          grunt_dithmenos_smoke_and_mirrors, uniq_agnes, uniq_nessos
D:15:     gammafunk_enter_depths_forms, layout_irregular_city, ashenzari_altar_1
Temple:   dpeg_five_rooms_temple
Lair:1:   layout_misc_corridors, minivault_25
Lair:2:   statuecave_lemuel, layout_chaotic_city, guppyfry_snake_entry_garden,
          basic_altar, grunt_megastairs_1, lemuel_fruit_tree
Lair:3:   layout_layer_cave, special_room [special_room_bee], grunt_megastairs_5
Lair:4:   layout_regular_city, minmay_swamp_entry_worms,
          ebering_ghost_reflecting_pool, bobbens_dragon_lair_wall
Lair:5:   layout_layer_cave, slime_altar_2, ebering_ghost_xom,
          serial_bayou_lagoon_b
Lair:6:   gammafunk_lair_ancient_temple, layout_hall_layers, lookout_lair_type
Orc:1:    layout_caves
Orc:2:    st_orc_mages, layout_diamond_mine, gauntlet_entry_generic, basic_altar

Skill      XL: |  1  2  3  4  5  6  7  8  9 10 11 12 13 14 15 16 |
---------------+-------------------------------------------------+-----
Axes           | 3 4 5 6 7 9 11 13 15 18 20 21 | 21.5
Fighting       | 4 5 6 7 8 9 10 11 12 13 14 | 14.5
Dodging        | 1 2 3 4 5 6 7 8 9 10 | 10.3
Armour         | 4 5 6 7 8 9 10 11 12 13 | 13.4
Shields        | 4 |  4.0
Invocations    | 1 4 6 8 9 11 12 14 | 14.3
Evocations     | 2 5 |  5.0

Action                   |  1- 3 |  4- 6 |  7- 9 | 10-12 | 13-15 | 16-18 || total
-------------------------+-------+-------+-------+-------+-------+-------++-------
Melee: War axe           |   145 |   217 |   290 |       |       |       ||   652
       Unarmed           |       |       |     1 |       |       |       ||     1
       Battleaxe         |       |       |   151 |   469 |   915 |   458 ||  1993
Invok: Upheaval          |       |       |       |     1 |    12 |       ||    13
Evoke: Wand              |       |       |       |       |     5 |       ||     5
  Use: Scroll            |       |    10 |     6 |     7 |     8 |     1 ||    32
       Potion            |       |     1 |     4 |     1 |       |       ||     6
Armor: Scale mail        |    68 |    33 |       |       |       |       ||   101
       Chain mail        |       |   122 |   284 |   191 |   114 |    84 ||   795
       Skin              |       |    12 |       |       |       |       ||    12
       Fire dragon scale |       |       |       |       |   183 |    32 ||   215
       Plate armour      |       |       |       |       |       |    24 ||    24
Dodge: Dodged            |    38 |    85 |   176 |   198 |   311 |   156 ||   964
       Repelled          |       |       |       |     1 |    11 |     2 ||    14
Block: Kite shield       |    97 |   116 |    55 |       |       |       ||   268
       Buckler           |       |       |    29 |       |       |       ||    29
       Other             |       |       |     6 |   186 |   354 |   198 ||   744
       Reflection        |       |       |     2 |    10 |    20 |    15 ||    47

Table legend: (Time is in decaauts)
 A = Elapsed time spent in this place.
 B = Non-inter-level travel time spent in this place.
 C = Inter-level travel time spent in this place.
 D = Time resting spent in this place.
 E = Time spent auto-exploring this place.
 F = Levels seen in this place.
 G = Mean time per level.
                   A        B        C        D        E       F      G
               +--------+--------+--------+--------+--------+-----+--------+
         Total |  32686 |  30819 |   1867 |   5883 |  19861 |  26 | 1257.2 |
       Dungeon |  21616 |  20425 |   1191 |   3894 |  13170 |  15 | 1441.1 |
        Temple |    222 |    177 |     45 |      0 |    170 |   1 |  222.0 |
          Lair |   9091 |   8471 |    620 |   1760 |   5450 |   6 | 1515.2 |
  Orcish Mines |    690 |    681 |      9 |    229 |    306 |   2 |  345.0 |
         Sewer |    174 |    174 |      0 |      0 |    121 |   1 |  174.0 |
      Ice Cave |    891 |    891 |      0 |      0 |    642 |   1 |  891.0 |
               +--------+--------+--------+--------+--------+-----+--------+

Top non-repeatable levels by time:
  Lair:5: 2753 daAuts
     D:4: 2680 daAuts
    D:11: 2329 daAuts
    D:12: 2008 daAuts
    D:13: 1867 daAuts
     D:9: 1791 daAuts
    D:10: 1775 daAuts
  Lair:3: 1700 daAuts
  Lair:4: 1494 daAuts
  Lair:6: 1404 daAuts
     D:2: 1378 daAuts
     D:3: 1159 daAuts
     D:7: 1122 daAuts
     D:6: 1057 daAuts
  Lair:2: 1003 daAuts
